AoeStats
← Racha

Arena

509669186Analyzed
1v1 RM · 3d ago on Sep 27, 2026· 45m 12s· 2 players
Game mode
Random Map
Map size
Tiny (2 player)
Population
200
Speed
Normal
Resources
Standard
Victory
Conquest
Starting age
Dark Age
Ending age
Imperial Age
RankedLock teamsTeams togetherTeam positionsShared explorationLock speedFull tech treeHidden civsTurbo modeCheats
Victory
Defeat
🇵🇪 Ethiopians · Peru
1329
+18
🇺🇸 Danes · United States
1364
-18
Dirty Dave
10:06 Feudal Age
10:22 Loom
12:19 Fletching
17:26 Castle Age
15:36 Double-Bit Axe
17:01 Horse Collar
18:36 Bodkin Arrow
22:42 Bow Saw
25:12 Elite Skirmisher
25:57 Padded Archer Armor
28:54 Gold Mining
29:43 Ballistics
30:02 Leather Archer Armor
31:09 Scale Mail Armor
36:52 Imperial Age
36:04 Chain Mail Armor
36:07 Heavy Plow
36:34 Squires
37:54 Bracer
38:51 Ring Archer Armor
38:34 Town Watch
39:25 Wheelbarrow
39:51 Conscription
41:30 Chemistry
42:12 Plate Mail Armor
41:27 Hamask
Racha
6:12 Loom
8:46 Feudal Age
10:18 Fletching
10:17 Double-Bit Axe
14:45 Horse Collar
22:12 Castle Age
21:20 Gold Mining
21:49 Padded Archer Armor
22:51 Bodkin Arrow
23:24 Crossbowman
26:52 Wheelbarrow
28:20 Bow Saw
31:57 Leather Archer Armor
32:41 Hand Cart
33:00 Ballistics
33:02 Thumb Ring
34:01 Stone Mining
34:28 Heavy Plow
38:17 Imperial Age
36:34 Gold Shaft Mining
37:09 Scale Mail Armor
38:06 Masonry
38:25 Chain Mail Armor
38:54 Forging
39:02 Bracer
40:03 Chemistry
39:55 Conscription
38:57 Onager
40:17 Siege Engineers
40:47 Ring Archer Armor
41:41 Iron Casting
40:50 Arbalester
42:25 Plate Mail Armor
41:51 Arson
42:07 Squires
45:06 Blast Furnace
44:55 Siege Onager
Connection lost

Rejoining the realm…

Still unreachable

The connection could not be restored.

Session expired

The server has moved on; the page needs a fresh start.